 Dungeon Crawl Stone Soup version 0.22-a0-833-g8522bf8125 (webtiles) character file.

62417 IcyTea the Slicer (level 14, 0/103 HPs)
             Began as a Vampire Enchanter on July 25, 2018.
             Was a Follower of Uskayaw.
             Killed from afar by a manticore (16 damage)
             ... with a volley of spikes
             ... on level 13 of the Dungeon.
             The game lasted 01:52:58 (27503 turns).

IcyTea the Slicer (Vampire Enchanter)              Turns: 27503, Time: 01:52:58

Health: 0/103      AC: 18    Str:  7    XL:     14   Next: 64%
Magic:  21/26      EV: 13    Int: 25    God:    Uskayaw [*.....]
Gold:   1267       SH:  7    Dex: 18    Spells: 7/30 levels left

rFire    + . .     SeeInvis +   b - +7 short sword of Poleux {drain, rElec Dex+2}
rCold    . . .     Gourm    .   B - +2 buckler
rNeg     + . .     Faith    .   I - +2 ring mail {rF+}
rPois    .         Spirit   .   n - +0 helmet
rElec    +         Reflect  .   S - +0 cloak
rCorr    .         Harm     .   (no gloves)
MR       +....                  o - +1 pair of boots {Stlth+}
Stlth    ++++......             (no amulet)
HPRegen  0.27/turn              y - +5 ring of protection
MPRegen  0.20/turn              N - +4 ring of intelligence

@: barbed spikes
A: fangs 3, see invisible, unbreathing, subdued magic 1
a: Bat Form, Stomp, Renounce Religion


You were on level 13 of the Dungeon.
You worshipped Uskayaw.
Uskayaw was noncommittal.
You were not thirsty.

You visited 3 branches of the dungeon, and saw 20 of its levels.
You also visited: Volcano.

You collected 1484 gold pieces.
You spent 217 gold pieces at shops.

Inventory:

Hand Weapons
 b - the +7 short sword of Poleux (weapon) {drain, rElec Dex+2}
   (You found it on level 9 of the Dungeon)

   A truly terrible weapon, it drains the life of those it strikes.
   It affects your dexterity (+2).
   It insulates you from electricity.
 c - a +1 vampiric short sword
 m - a +1 rapier
 V - a +2 short sword of venom
Missiles
 u - 13 javelins (quivered)
Armour
 j - +0 fire dragon scales
 n - a +0 helmet (worn)
 o - a +1 pair of boots of stealth (worn)
 B - a +2 buckler (worn)
 I - a +2 ring mail of fire resistance (worn)
 S - a +0 cloak (worn)
Magical Staves
 a - an uncursed staff of wizardry
Jewellery
 r - a +4 ring of protection
 s - an uncursed ring of protection from fire
 y - a +5 ring of protection (left hand)
 N - a +4 ring of intelligence (right hand)
Wands
 f - a wand of scattershot (13)
 t - a wand of acid (28)
 w - a wand of digging (34)
 A - a wand of disintegration (14)
 C - a wand of flame (100)
 D - a wand of iceblast (14)
 F - a wand of random effects (109)
 K - a wand of polymorph (34)
 M - a wand of clouds (3)
Scrolls
 d - 7 scrolls of amnesia
 g - 6 scrolls of teleportation
 h - 13 scrolls of identify
 k - 6 scrolls of remove curse
 p - 2 scrolls of immolation
 z - 4 scrolls of enchant weapon
 G - 3 scrolls of magic mapping
 L - a scroll of blinking
Potions
 e - 3 potions of agility
 l - 6 potions of curing
 q - 10 potions of blood
 v - a potion of might
 x - 5 potions of brilliance
 E - a potion of resistance
 J - 3 potions of flight
 Q - a potion of ambrosia
Miscellaneous
 i - a lightning rod (4/4)
 H - a box of beasts


   Skills:
 - Level 7.0 Fighting
 - Level 14.0 Short Blades
 - Level 8.0 Armour
 - Level 6.1 Dodging
 - Level 7.5 Stealth
 + Level 3.9 Shields
 - Level 8.9 Spellcasting
 - Level 4.0 Conjurations
 - Level 10.0 Hexes
 - Level 2.0 Translocations
 - Level 3.3 Transmutations
 - Level 5.0 Fire Magic
 - Level 6.0 Ice Magic
 - Level 6.0 Invocations
 - Level 4.1 Evocations


You had 7 spell levels left.
You knew the following spells:

 Your Spells              Type           Power        Failure   Level  Hunger
a - Confuse               Hex            #####...     1%          3    None
b - Ensorcelled Hibernat  Hex/Ice        #####.       1%          2    None
c - Dazzling Spray        Conj/Hex       #####.       1%          3    None
d - Ignite Poison         Fire/Tmut/Pois ###.....     12%         3    None
e - Blink                 Tloc           N/A          9%          2    None
f - Shroud of Golubria    Chrm/Tloc      ##........   13%         2    None
g - Teleport Other        Tloc           ###.....     17%         3    None
h - Fireball              Conj/Fire      ####......   50%         5    ####...

Your spell library contained the following spells:

 Spells                   Type           Power        Failure   Level  Hunger
 Apportation              Tloc           ###...       5%          1    None
 Bolt of Fire             Conj/Fire      ####......   98%         6    ######.
 Ring of Flames           Chrm/Fire      ###.......   100%        7    #######
 Summon Small Mammal      Summ           #...         13%         1    None
 Animate Skeleton         Necr           N/A          13%         1    None
 Tukima's Dance           Hex            #####...     1%          3    None
 Spider Form              Tmut/Pois      ##........   21%         3    None
 Blade Hands              Tmut           ###.......   69%         5    ####...
 Ice Form                 Ice/Tmut       ####....     19%         4    ##.....
 Confusing Touch          Hex            #####.       1%          1    None
 Sticks to Snakes         Tmut           ###.....     4%          2    None
 Corona                   Hex            #####..      1%          1    None
 Passage of Golubria      Tloc           N/A          52%         4    ##.....
 Beastly Appendage        Tmut           ###...       3%          1    None
 Gell's Gravitas          Tloc           ###.......   17%         3    None
 Lesser Beckoning         Tloc           ###.......   17%         3    None
 Ignition                 Fire           ####......   100%        8    #######


Dungeon Overview and Level Annotations

Branches:
Dungeon (13/15)            Temple (1/1) D:7            Lair (6/6) D:9
  Swamp (0/4) Lair:2        Snake (0/4) Lair:2        Slime (0/5) Lair:6
    Orc (0/2) D:10
 Vaults: D:13-14

Altars:
Ashenzari
Cheibriados
Dithmenos
Elyvilon
Fedhas
Gozag
Hepliaklqana
Kikubaaqudgha
Makhleb
Nemelex Xobeh
Okawaru
Qazlal
Ru
Sif Muna
Trog
Uskayaw
Vehumet
Wu Jian
Xom
Yredelemnul
Zin
The Shining One
Jiyva

Shops:
D:6 %   D:11 =   D:13 [


Innate Abilities, Weirdness & Mutations

You have razor-sharp teeth.
You have supernaturally acute eyesight. (SInv)
You can survive without breathing.
Your spells are a little easier to cast, but a little less powerful.


Message History

* * * LOW HITPOINT WARNING * * *
The manticore flicks its tail.
The volley of spikes misses you.
The manticore flicks its tail.
The volley of spikes hits you!
The barbed spikes become lodged in your body.
* * * LOW HITPOINT WARNING * * *
The manticore flicks its tail.
The volley of spikes misses you.
Okay, then.
Casting: Confuse (safe; 1% risk of failure)
Confirm with . or Enter, or press ? or * to list all spells.
Aiming: Confuse (safe; 1% risk of failure)
Press: ? - help, Shift-Dir - straight line, f/p - manticore
Aim: a manticore (chance to defeat MR: 53%)
The manticore resists with significant effort.
The manticore flicks its tail.
The volley of spikes hits you!
The barbed spikes become lodged in your body.
You die...

.#...8#..#8.... .....'
..%'....
.......'......8####8....
.......#................
......#...........#....
....> ...........#.... #..#
#...##....#....
########..####...##....#....
.......H...@.#.....:...#....
.............#.........#.(.#
..........†..#.........#()()
............##...#######.))#
......##....##...##....#(..÷
......##....##....#....#(..#
..................#...('(...
..................'....#...#
.......†..........#....#....


You could see a manticore.

Vanquished Creatures
  Josephine (D:11)
  8 hydras
  9 two-headed ogres
  A centaur warrior (D:13)
  2 ogre magi
  A hell knight (Volcano)
  A lindwurm (Lair:2)
  A wizard (D:13)
  A necromancer (Lair:5)
  3 ugly things
  2 cyclopes
  Maurice (D:11)
  7 black mambas
  2 molten gargoyles (Volcano)
  2 gargoyles
  7 elephants
  A torpor snail (Lair:3)
  21 spiny frogs
  11 komodo dragons
  A troll (D:11)
  2 hornets (D:8)
  3 slime creatures (D:12)
  4 tyrant leeches (Lair:6)
  Prince Ribbit (D:6)
  6 hippogriffs
  25 blink frogs
  28 yaks
  4 wraiths (D:11)
  3 basilisks
  A vampire (D:13)
  4 wyverns
  Eustachio (D:6)
  A fire bat (Volcano)
  16 vampire mosquitoes
  3 hungry ghosts
  A swamp worm (Lair:2)
  3 nagas (Lair:2)
  Duvessa (D:4)
  A sky beast (D:10)
  7 water moccasins
  7 porcupines
  5 orc warriors
  2 ice beasts
  6 phantoms
  An eye of draining (D:10)
  6 ogres
  12 centaurs
  9 crocodiles
  4 big kobolds
  24 bullfrogs
  A wyvern zombie (D:12)
  A water moccasin skeleton (D:6)
  7 scorpions
  Dowan (D:4)
  10 killer bees
  A troll zombie (D:10)
  2 howler monkeys (D:6)
  9 wights
  9 electric eels
  5 crimson imps
  7 lava snakes (Volcano)
  2 centaur zombies
  A bullfrog zombie (D:12)
  4 jellies
  2 quasits
  11 orc priests
  6 hounds
  9 orc wizards
  3 bullfrog skeletons
  4 centaur skeletons
  3 iguanas
  2 polar bear simulacra (Lair:5)
  3 yak simulacra (Lair:5)
  10 worker ants
  2 wolf simulacra (Lair:5)
  5 ogre zombies (D:10)
  A hound zombie (D:11)
  A hound skeleton (D:7)
  A howler monkey zombie (D:6)
  8 gnolls
  12 adders
  3 shadow imps
  4 oozes
  An adder zombie (D:5)
  2 adder skeletons
  3 worms
  3 dart slugs
  6 leopard geckos
  46 orcs
  5 giant cockroaches
  5 goblins
  8 hobgoblins
  6 jackals
  2 quokkas
  2 ball pythons
  8 bats
  9 frilled lizards
  3 goblin skeletons (D:10)
  2 goblin zombies (D:10)
  A hobgoblin skeleton (D:10)
  3 hobgoblin zombies (D:10)
  2 jackal zombies
  24 kobolds
  An orc skeleton (D:10)
  9 orc zombies (D:10)
  A quokka skeleton (D:8)
  10 rats
  4 river rat simulacra (Lair:5)
  A plant (Lair:4)
591 creatures vanquished.

Vanquished Creatures (others)
  2 orc warriors
  A phantom (D:8)
  An ogre (D:10)
  A bullfrog (D:8)
  A centaur skeleton (D:9)
  An adder zombie (D:9)
  4 orcs (D:10)
  A kobold (D:13)
  8 fungi
  29 plants (Lair:6)
49 creatures vanquished.

Grand Total: 640 creatures vanquished

Notes
Turn   | Place    | Note
-------+----------+-------------------------------------------
     0 | D:1      | IcyTea the Vampire Enchanter began the quest for the Orb.
     0 | D:1      | Reached XP level 1. HP: 13/13 MP: 3/3
   152 | D:1      | Reached skill level 5 in Hexes
   341 | D:1      | Reached XP level 2. HP: 19/19 MP: 5/5
   350 | D:1      | Learned a level 2 spell: Ensorcelled Hibernation
  1195 | D:2      | Reached XP level 3. HP: 16/24 MP: 6/6
  1636 | D:2      | Reached skill level 2 in Short Blades
  1745 | D:2      | Found a shadowy altar of Dithmenos.
  1880 | D:2      | Found a sacrificial altar of Ru.
  1932 | D:3      | Reached skill level 3 in Short Blades
  1939 | D:3      | Reached XP level 4. HP: 27/30 MP: 7/7
  1946 | D:3      | Learned a level 3 spell: Dazzling Spray
  2541 | D:3      | Found a blossoming altar of Fedhas.
  2721 | D:4      | Reached skill level 4 in Short Blades
  2721 | D:4      | Reached XP level 5. HP: 35/35 MP: 5/8
  2874 | D:4      | Learned a level 3 spell: Confuse
  2894 | D:4      | Reached skill level 5 in Short Blades
  3252 | D:4      | Reached XP level 6. HP: 24/41 MP: 1/9
  3678 | D:4      | Reached skill level 6 in Short Blades
  3858 | D:4      | Noticed Dowan
  3862 | D:4      | Noticed Duvessa
  3864 | D:4      | Killed Dowan
  3932 | D:4      | Found a snail-covered altar of Cheibriados.
  3946 | D:4      | Reached skill level 7 in Short Blades
  4097 | D:4      | Killed Duvessa
  4097 | D:4      | Reached XP level 7. HP: 46/46 MP: 4/10
  4873 | D:3      | Found a shattered altar of Ashenzari.
  4944 | D:5      | Entered Level 5 of the Dungeon
  5024 | D:5      | Reached skill level 8 in Short Blades
  5260 | D:5      | Reached skill level 9 in Short Blades
  5890 | D:6      | Reached XP level 8. HP: 26/52 MP: 4/11
  6156 | D:6      | Reached skill level 10 in Short Blades
  6264 | D:6      | Found a sacrificial altar of Ru.
  6439 | D:6      | Found Ninwylal's Food Shoppe.
  6513 | D:6      | Noticed Prince Ribbit
  6520 | D:6      | Killed Prince Ribbit
  6520 | D:6      | Reached skill level 11 in Short Blades
  7038 | D:6      | Noticed Eustachio
  7042 | D:6      | Killed Eustachio
  7088 | D:7      | Found a shadowy altar of Dithmenos.
  7089 | D:7      | Reached skill level 12 in Short Blades
  7209 | D:7      | Reached XP level 9. HP: 54/57 MP: 12/12
  7451 | D:7      | Found a staircase to the Ecumenical Temple.
  7516 | Temple   | Entered the Ecumenical Temple
  7645 | Temple   | Became a worshipper of Uskayaw the Reveler
  7821 | D:8      | Reached * piety under Uskayaw
  7829 | D:8      | Reached ** piety under Uskayaw
  7998 | D:8      | Reached skill level 13 in Short Blades
  8728 | D:8      | Found an opulent altar of Gozag.
  9016 | D:8      | Paralysed by a hornet for 1 turns
  9608 | D:8      | Reached skill level 14 in Short Blades
  9793 | D:8      | Reached skill level 5 in Stealth
 10180 | D:9      | Got an ancient short sword
 10202 | D:9      | Identified the +7 short sword of Poleux {drain, rElec Dex+2} (You found it on level 9 of the Dungeon)
 10255 | D:9      | Gained mutation: Your spells are a little easier to cast, but a little less powerful. [mutagenic glow]
 10567 | D:9      | Reached *** piety under Uskayaw
 10714 | D:9      | Reached XP level 10. HP: 61/63 MP: 10/13
 10830 | D:9      | Found a staircase to the Lair.
 11306 | D:10     | Entered Level 10 of the Dungeon
 11346 | D:10     | Reached **** piety under Uskayaw
 11356 | D:10     | Reached ***** piety under Uskayaw
 11362 | D:10     | Noticed a two-headed ogre
 11372 | D:10     | Reached ****** piety under Uskayaw
 11383 | D:10     | Killed a two-headed ogre
 11910 | D:10     | Reached skill level 5 in Invocations
 11914 | D:10     | Found a staircase to the Orcish Mines.
 12018 | D:10     | Noticed a gargoyle
 12056 | D:10     | Killed a gargoyle
 12320 | D:10     | Found a shimmering altar of Xom.
 12399 | D:10     | Noticed a two-headed ogre
 12406 | D:10     | Killed a two-headed ogre
 12406 | D:10     | Reached skill level 5 in Dodging
 12467 | D:10     | Reached XP level 11. HP: 60/68 MP: 7/15
 12496 | D:10     | Reached skill level 1 in Ice Magic
 12733 | D:11     | Noticed a two-headed ogre
 12764 | D:11     | Killed a two-headed ogre
 12829 | Lair:1   | Entered Level 1 of the Lair of Beasts
 12945 | Lair:1   | Reached skill level 5 in Ice Magic
 13323 | Lair:1   | Reached skill level 1 in Fighting
 13962 | Lair:2   | Found a dark tunnel.
 13962 | Lair:2   | Noticed a lindwurm
 13971 | Lair:2   | Killed a lindwurm
 14009 | Volcano  | Entered a volcano
 14163 | Volcano  | Reached skill level 5 in Fighting
 14321 | Volcano  | Found a bloodstained altar of Trog.
 14321 | Volcano  | Noticed a two-headed ogre
 14321 | Volcano  | Noticed an ogre mage
 14321 | Volcano  | Noticed a two-headed ogre
 14321 | Volcano  | Noticed a two-headed ogre
 14323 | Volcano  | Killed a two-headed ogre
 14537 | Volcano  | Killed a two-headed ogre
 14644 | Volcano  | Killed an ogre mage
 14646 | Volcano  | Killed a two-headed ogre
 14646 | Volcano  | Reached skill level 5 in Spellcasting
 14646 | Volcano  | Reached XP level 12. HP: 71/86 MP: 16/20
 14771 | Volcano  | Noticed a two-headed ogre
 14842 | Volcano  | Killed a two-headed ogre
 14842 | Volcano  | Reached skill level 1 in Armour
 15048 | Lair:2   | Found a staircase to the Snake Pit.
 15344 | Lair:2   | Found a staircase to the Swamp.
 15769 | Lair:3   | Got a slimy plate armour
 15770 | Lair:3   | Identified the cursed +1 plate armour "Xoofus" {rPois MR+ Str+3} (You found it on level 3 of the Lair of Beasts)
 15895 | Lair:3   | Reached skill level 5 in Armour
 15923 | Lair:3   | Learned a level 3 spell: Ignite Poison
 17314 | Lair:4   | Noticed a seven-headed hydra
 17890 | Lair:4   | Killed a seven-headed hydra
 18223 | Lair:5   | Reached XP level 13. HP: 82/91 MP: 22/22
 18227 | Lair:5   | Learned a level 2 spell: Blink
 18230 | Lair:5   | Learned a level 2 spell: Shroud of Golubria
 18234 | Lair:5   | Learned a level 3 spell: Teleport Other
 18346 | Lair:5   | Reached skill level 10 in Hexes
 18403 | Lair:5   | Reached skill level 1 in Translocations
 18878 | Lair:6   | Entered Level 6 of the Lair of Beasts
 18957 | Lair:6   | Reached skill level 1 in Transmutations
 19084 | Lair:6   | Reached skill level 1 in Fire Magic
 19569 | Lair:5   | Learned a level 5 spell: Fireball
 20343 | Lair:6   | Reached skill level 5 in Fire Magic
 20362 | Lair:6   | Reached skill level 1 in Conjurations
 20946 | Lair:6   | Found a radiant altar of Vehumet.
 21352 | Lair:6   | Reached XP level 14. HP: 71/98 MP: 20/25
 22025 | Lair:6   | Found a runed door.
 22026 | Lair:6   | Found a viscous altar of Jiyva.
 22028 | Lair:6   | Found a staircase to the Slime Pits.
 22623 | D:11     | Noticed Maurice
 22640 | D:11     | Reached skill level 1 in Evocations
 22646 | D:11     | Killed Maurice
 22870 | D:11     | Noticed Josephine
 23352 | D:11     | Found Odwifuij's Jewellery Emporium.
 23546 | D:11     | Killed Josephine
 24601 | D:12     | Identified a scroll of acquirement
 24891 | D:12     | Found a stormy altar of Qazlal.
 26448 | D:13     | Found Hanaymm's Antique Armour Boutique.
 26492 | D:13     | Bought a glowing buckler for 217 gold pieces
 26869 | D:13     | Reached skill level 1 in Shields
 26944 | D:13     | Paralysed by a wizard for 2 turns
 27312 | D:13     | Found a large runed door.
 27312 | D:13     | Found a large runed door.
 27503 | D:13     | Killed from afar by a manticore

Vault maps used:
D:1:      wheals_arrival_linesprint
D:2:      nicolae_dithmenos_through_a_glass_darkly, old_standard_altar,
          minmay_misc_feat_columns
D:3:      nicolae_overflow_hidden_temple, solitary_fountain,
          hangedman_glass_teeth
D:4:      kennysheep_slug_shrine, first_ration, uniq_duvessa
D:6:      serial_shops, nicolae_shop_competitors_out_of_business,
          nicolae_ru_awakened_eye, uniq_prince_ribbit1, uniq_eustachio
D:7:      temple_hall, basic_altar
D:8:      grunt_gozag_statues, corexii_mini_fake_secret_closet,
          hangedman_abyss_or_decor_lesser_grid, hangedman_pestilent_swarm,
          serial_bayou_pond_e
D:9:      lair_entry_dummy
D:10:     zombieorc1_lemuel, wad_floor_pattern_untrapped, xom_confusion_cloud
D:11:     serial_shops, shop, grunt_ministairs_2, uniq_maurice, uniq_josephine
D:12:     nicolae_qazlal_general_emergency
D:13:     serial_shops, nicolae_shop_statue_plus, st_stairs_11,
          grunt_ministairs_14, corexii_hall_statues_t, jmf_multi_god_temple2,
          uniq_sonja
Temple:   eino_temple_rhombus
Lair:1:   grunt_megastairs_5, lemuel_fruit_tree
Lair:2:   minmay_swamp_entry_worms, minmay_snake_entry_guardpost_small,
          nicolae_volcano_entry_vermiform
Lair:4:   small_statue_intersection, st_stairs_4, infiniplex_staircase_pool
Lair:5:   minivault_27, minivault_19, eino_house_with_fridge
Lair:6:   minmay_lair_end_frog_pond, slime_altar_2, basic_altar
Volcano:  volcano_lake

Skill      XL: |  1  2  3  4  5  6  7  8  9 10 11 12 13 14 |
---------------+-------------------------------------------+-----
Hexes          | 5 6 7 8 9 10 | 10.0
Short Blades   | 3 4 5 7 9 12 14 | 14.0
Stealth        | 7 |  7.5
Invocations    | 6 |  6.0
Dodging        | 6 |  6.1
Ice Magic      | 6 |  6.0
Fighting       | 5 7 |  7.0
Spellcasting   | 5 6 7 8 |  8.9
Armour         | 8 |  8.0
Translocations | 2 |  2.0
Transmutations | 3 |  3.3
Fire Magic     | 5 |  5.0
Conjurations   | 4 |  4.0
Evocations     | 4 |  4.1
Shields        | 3 |  3.9

Action                   |  1- 3 |  4- 6 |  7- 9 | 10-12 | 13-15 || total
-------------------------+-------+-------+-------+-------+-------++-------
Melee: Dagger            |   141 |   121 |       |       |       ||   262
       Bite              |    11 |     4 |    30 |    57 |    92 ||   194
       Rapier            |       |       |   364 |       |       ||   364
       Short sword       |       |       |    16 |   642 |   978 ||  1636
 Cast: Ensorcelled Hiber |     7 |    26 |    37 |    61 |    95 ||   226
       Confuse           |       |     4 |     9 |    18 |    48 ||    79
       Dazzling Spray    |       |       |       |     3 |     5 ||     8
       Blink             |       |       |       |       |     4 ||     4
       Fireball          |       |       |       |       |     1 ||     1
Invok: Grand Finale      |       |       |       |     1 |       ||     1
       Line Pass         |       |       |       |       |     1 ||     1
 Abil: End Transformatio |       |       |     3 |     3 |     4 ||    10
       Bat Form          |       |       |     3 |     3 |     4 ||    10
  Use: Potion            |     4 |     2 |    15 |    12 |    17 ||    50
       Scroll            |     3 |     4 |     4 |     7 |    10 ||    28
 Stab: Sleeping          |    16 |    21 |    40 |    49 |    60 ||   186
       Distracted        |     1 |       |       |       |     4 ||     5
       Confused          |       |     3 |     5 |     3 |    16 ||    27
       Paralysed         |       |       |       |    25 |    46 ||    71
       Invisible         |       |       |       |       |     1 ||     1
  Eat: Corpse            |     2 |     4 |     1 |     9 |    11 ||    27
Armor: Robe              |    27 |    25 |    73 |    60 |       ||   185
       Ring mail         |       |       |       |    86 |   344 ||   430
Dodge: Dodged            |    78 |    85 |   171 |   248 |   516 ||  1098
Block: Buckler           |       |       |       |       |    47 ||    47

Table legend:
 A = Spawn XP
 B = Non-spawn XP
 C = Spawn XP percentage of total XP
 D = Spawn monster count
 E = Non-spawn monster count
 F = Spawn count percentage of total count
 G = Total turns spent on level
                    A         B        C        D         E        F      G
               +---------+---------+-------+---------+---------+-------+---------
         Total |       0 |   89168 |   0.0 |       0 |     595 |   0.0 | 27503
               +---------+---------+-------+---------+---------+-------+---------
           D:1 |       0 |      35 |   0.0 |       0 |      20 |   0.0 |  1094
           D:2 |       0 |      56 |   0.0 |       0 |      18 |   0.0 |   824
           D:3 |       0 |      32 |   0.0 |       0 |      19 |   0.0 |  1020
           D:4 |       0 |     736 |   0.0 |       0 |      26 |   0.0 |  2006
           D:5 |       0 |     389 |   0.0 |       0 |      17 |   0.0 |   774
           D:6 |       0 |    1336 |   0.0 |       0 |      30 |   0.0 |  1697
           D:7 |       0 |     819 |   0.0 |       0 |      22 |   0.0 |  1267
           D:8 |       0 |    1348 |   0.0 |       0 |      17 |   0.0 |  1064
           D:9 |       0 |    1244 |   0.0 |       0 |      20 |   0.0 |  1459
          D:10 |       0 |    5394 |   0.0 |       0 |      72 |   0.0 |  1451
          D:11 |       0 |    8309 |   0.0 |       0 |      40 |   0.0 |  2293
          D:12 |       0 |    8356 |   0.0 |       0 |      62 |   0.0 |  1730
          D:13 |       0 |    5833 |   0.0 |       0 |      32 |   0.0 |  1076
        Lair:1 |       0 |    3512 |   0.0 |       0 |      16 |   0.0 |  1002
        Lair:2 |       0 |    2932 |   0.0 |       0 |      10 |   0.0 |  1003
        Lair:3 |       0 |    4610 |   0.0 |       0 |      19 |   0.0 |   792
        Lair:4 |       0 |    6846 |   0.0 |       0 |      26 |   0.0 |  1545
        Lair:5 |       0 |    9214 |   0.0 |       0 |      39 |   0.0 |  2088
        Lair:6 |       0 |   21524 |   0.0 |       0 |      74 |   0.0 |  2263
       Volcano |       0 |    6643 |   0.0 |       0 |      16 |   0.0 |   914
               +---------+---------+-------+---------+---------+-------+---------
